 Dungeon Crawl Stone Soup version 0.26-a0-579-g3afe4966bf (webtiles) character file.

Game seed: 2144307200819587619

172 ReteAZ the Grave Robber (level 5, -3/37 HPs)
             Began as a Gnoll Necromancer on Aug 23, 2020.
             Slain by Sigmund
             ... wielding a +0 scythe
              (10 damage)
             ... on level 2 of the Dungeon.
             The game lasted 00:03:53 (2811 turns).

ReteAZ the Grave Robber (Gnoll Necromancer)         Turns: 2811, Time: 00:03:53

Health: -3/37      AC:  3    Str: 10    XL:     5   Next: 53%
Magic:  12/12      EV: 15    Int: 18    God:
Gold:   95         SH:  0    Dex: 16    Spells: 13/14 levels left

rFire    . . .     SeeInvis .   l - +9 club
rCold    . . .     Faith    .   (no shield)
rNeg     . . .     Spirit   .   a - +0 robe
rPois    .         Reflect  .   k - +0 helmet
rElec    .         Harm     .   (no cloak)
rCorr    .                      (no gloves)
MR       .....                  (no boots)
Stlth    +++.......             h - amulet of inaccuracy (curse)
HPRegen  0.12/turn              (no ring)
MPRegen  0.13/turn              (no ring)

@: brilliant, stab, flying (expiring)
A: distributed training, fangs 1, strong nose
a: no special abilities


You were on level 2 of the Dungeon.
You visited 1 branch of the dungeon, and saw 2 of its levels.

You collected 95 gold pieces.

Inventory:

Hand Weapons
 c - a +0 mace
 l - a +9 club (weapon)
 m - a +2 dagger of pain
 n - a +1 short sword of venom
Armour
 a - a +0 robe (worn)
 k - a +0 helmet (worn)
Jewellery
 h - a cursed amulet of inaccuracy (around neck)
 i - an uncursed amulet of regeneration {unknown}
 o - an uncursed amulet of regeneration {unknown}
Potions
 f - a potion of flight


   Skills:
 + Level 1.5 Fighting
 + Level 1.5 Short Blades
 + Level 1.5 Long Blades
 + Level 1.5 Axes
 + Level 1.5 Maces & Flails
 + Level 1.5 Polearms
 + Level 1.5 Staves
 + Level 1.5 Slings
 + Level 1.5 Bows
 + Level 1.5 Crossbows
 + Level 1.5 Throwing
 + Level 1.5 Armour
 + Level 4.8 Dodging
 + Level 4.4 Stealth
 + Level 1.5 Shields
 + Level 1.5 Unarmed Combat
 + Level 5.2 Spellcasting
 + Level 1.2 Conjurations
 + Level 1.2 Hexes
 + Level 1.2 Summonings
 + Level 7.2 Necromancy
 + Level 1.2 Translocations
 + Level 1.2 Transmutations
 + Level 1.2 Fire Magic
 + Level 1.2 Ice Magic
 + Level 1.2 Air Magic
 + Level 1.2 Earth Magic
 + Level 1.2 Poison Magic
 + Level 1.7 Invocations
 + Level 1.5 Evocations


You had 13 spell levels left.
You knew the following spells:

 Your Spells              Type           Power        Failure   Level
a - Pain                  Necr           ####         1%          1

Your spell library contained the following spells:

 Spells                   Type           Power        Failure   Level
 Animate Skeleton         Necr           #####.       1%          1
 Vampiric Draining        Necr           #####.....   1%          3
 Animate Dead             Necr           #####.....   7%          4
 Agony                    Necr           #####...     19%         5


Dungeon Overview and Level Annotations

Branches:
Dungeon (2/15)

Altars:
Nemelex Xobeh

Annotations:
D:2 Sigmund


Innate Abilities, Weirdness & Mutations

Your experience applies equally to all skills.
You have very sharp teeth.
Your uncanny sense of smell can sniff out nearby items.


Message History

You see here a quokka corpse.
Sigmund hits you from afar with a +0 scythe.
You bump into the rock wall.
You bump into the stone wall.
You feel less confused. Sigmund barely misses you.
Sigmund mumbles some strange words.
Sigmund flickers and vanishes!
Deactivating autopickup; reactivate with Ctrl-A.
You see here a quokka corpse.
You hit something. Something hits you!
You closely miss something. Something barely misses you.
You thump something! Something hits you!
* * * LOW HITPOINT WARNING * * *
You barely miss something. Your bite misses something. You hit something.
Something barely misses you.
You barely miss something.
You are starting to lose your buoyancy.
Something hits you!
You die...

#.# ## #.# .# #.#
.# #.#
.#######.#########
.................##
.<##############..#
###******########.#
,,,,,,,,,......{@.#
*,,,*,,,*...#...#.#
,,,,,,,,,.........#
*,,,*,,,*...#...###
,,,,,,,,,.......,*
###******#######**
#.# #.# #.#


There were no monsters in sight!

Vanquished Creatures
  Jessica (D:2)
  3 gnolls (D:2)
  4 adders (D:2)
  3 oozes
  A worm (D:2)
  3 dart slugs
  8 goblins
  10 hobgoblins
  5 jackals
  11 kobolds
  A quokka (D:2)
  5 bats
  6 frilled lizards
  4 rats (D:2)
65 creatures vanquished.

Notes
Turn   | Place    | Note
-------+----------+-------------------------------------------
     0 | D:1      | ReteAZ the Gnoll Necromancer began the quest for the Orb.
     0 | D:1      | Reached XP level 1. HP: 13/13 MP: 6/6
   270 | D:1      | Reached XP level 2. HP: 18/19 MP: 4/7
   998 | D:1      | Reached XP level 3. HP: 25/25 MP: 7/9
  1001 | D:1      | Reached skill level 5 in Spellcasting
  1368 | D:2      | Noticed Jessica
  1370 | D:2      | Killed Jessica
  1370 | D:2      | Reached skill level 1 in Fighting
  1370 | D:2      | Reached skill level 1 in Short Blades
  1370 | D:2      | Reached skill level 1 in Long Blades
  1370 | D:2      | Reached skill level 1 in Axes
  1370 | D:2      | Reached skill level 1 in Maces & Flails
  1370 | D:2      | Reached skill level 1 in Polearms
  1370 | D:2      | Reached skill level 1 in Staves
  1370 | D:2      | Reached skill level 1 in Slings
  1370 | D:2      | Reached skill level 1 in Bows
  1370 | D:2      | Reached skill level 1 in Crossbows
  1370 | D:2      | Reached skill level 1 in Throwing
  1370 | D:2      | Reached skill level 1 in Armour
  1370 | D:2      | Reached skill level 1 in Shields
  1370 | D:2      | Reached skill level 1 in Unarmed Combat
  1370 | D:2      | Reached skill level 1 in Invocations
  1370 | D:2      | Reached skill level 1 in Evocations
  1370 | D:2      | Reached XP level 4. HP: 21/32 MP: 8/11
  1765 | D:2      | Reached skill level 1 in Conjurations
  1765 | D:2      | Reached skill level 1 in Hexes
  1765 | D:2      | Reached skill level 1 in Summonings
  1765 | D:2      | Reached skill level 1 in Translocations
  1765 | D:2      | Reached skill level 1 in Transmutations
  1765 | D:2      | Reached skill level 1 in Fire Magic
  1765 | D:2      | Reached skill level 1 in Ice Magic
  1765 | D:2      | Reached skill level 1 in Air Magic
  1765 | D:2      | Reached skill level 1 in Earth Magic
  1765 | D:2      | Reached skill level 1 in Poison Magic
  2181 | D:2      | Reached XP level 5. HP: 37/37 MP: 12/12
  2655 | D:2      | Found a sparkling altar of Nemelex Xobeh.
  2759 | D:2      | Noticed Sigmund
  2811 | D:2      | Slain by Sigmund

Illustrated notes

Levels and vault maps discovered:
D:1:      wander_arrival_estate, layout_basic
D:2:      minmay_alternating_diamond, layout_loops_ring, marbit_many_paths,
          lemuel_coloured_pillars_altar, uniq_sigmund, uniq_jessica

Skill      XL: |  1  2  3  4 |
---------------+-------------+-----
Spellcasting   | 5 |  5.2
Fighting       | 1 |  1.5
Short Blades   | 1 |  1.5
Long Blades    | 1 |  1.5
Axes           | 1 |  1.5
Maces & Flails | 1 |  1.5
Polearms       | 1 |  1.5
Staves         | 1 |  1.5
Slings         | 1 |  1.5
Bows           | 1 |  1.5
Crossbows      | 1 |  1.5
Throwing       | 1 |  1.5
Armour         | 1 |  1.5
Shields        | 1 |  1.5
Unarmed Combat | 1 |  1.5
Invocations    | 1 |  1.7
Evocations     | 1 |  1.5
Conjurations   | 1 |  1.2
Hexes          | 1 |  1.2
Summonings     | 1 |  1.2
Translocations | 1 |  1.2
Transmutations | 1 |  1.2
Fire Magic     | 1 |  1.2
Ice Magic      | 1 |  1.2
Air Magic      | 1 |  1.2
Earth Magic    | 1 |  1.2
Poison Magic   | 1 |  1.2
Dodging        | |  4.8
Stealth        | |  4.4
Necromancy     | |  7.2

Action                   |  1- 3 |  4- 6 || total
-------------------------+-------+-------++-------
Melee: Club              |       |    42 ||    42
       Bite              |       |     2 ||     2
 Cast: Pain              |    39 |    56 ||    95
  Use: Scroll            |       |     5 ||     5
       Potion            |       |     5 ||     5
 Stab: Sleeping          |       |     2 ||     2
Armor: Robe              |       |     5 ||     5
Dodge: Dodged            |     4 |    47 ||    51

Table legend: (Time is in decaauts)
 A = Elapsed time spent in this place.
 B = Non-inter-level travel time spent in this place.
 C = Inter-level travel time spent in this place.
 D = Time resting spent in this place.
 E = Time spent auto-exploring this place.
 F = Levels seen in this place.
 G = Mean time per level.
                   A        B        C        D        E       F      G
               +--------+--------+--------+--------+--------+-----+--------+
         Total |   2819 |   2760 |     59 |    448 |   1952 |   2 | 1409.5 |
       Dungeon |   2819 |   2760 |     59 |    448 |   1952 |   2 | 1409.5 |
               +--------+--------+--------+--------+--------+-----+--------+

Top non-repeatable levels by time:
     D:2: 1452 daAuts
     D:1: 1367 daAuts
